 Dungeon Crawl Stone Soup version 0.20.0-15-g7f486f2 (webtiles) character file.

61 viledemon the Sneak (level 4, -1/26 HPs)
             Began as a Kobold Assassin on June 14, 2017.
             Slain by a scorpion (2 damage)
             ... on level 2 of the Dungeon.
             The game lasted 00:05:51 (1647 turns).

viledemon the Sneak (Kobold Assassin)               Turns: 1647, Time: 00:05:53

Health: -1/26      AC:  4    Str:  5 (8)  XL:     4   Next: 27%
Magic:  4/4        EV: 14    Int: 14 (17) God:
Gold:   97         SH:  0    Dex: 15 (17) Spells: 3/3 levels left

rFire    . . .     SeeInvis .   a - +2 dagger
rCold    . . .     Gourm    .   (shield restricted)
rNeg     . . .     Faith    .   c - +1 robe
rPois    .         Spirit   .   (no helmet)
rElec    .         Reflect  .   d - +0 cloak
rCorr    .         Harm     .   (no gloves)
MR       .....                  (no boots)
Stlth    ++++......             (no amulet)
Regen    0.1/turn               (no ring)
MPRegen  0.1/turn               (no ring)

@: brilliant
A: carnivore 3
a: no special abilities


You were on level 2 of the Dungeon.
You were not hungry.

You visited 1 branch of the dungeon, and saw 2 of its levels.

You collected 97 gold pieces.

Inventory:

Hand Weapons
 a - a +2 dagger (weapon)
 b - a +0 blowgun
Missiles
 e - 8 poisoned needles
 f - 2 curare-tipped needles
 h - 6 needles of frenzy
 m - 24 bolts
Armour
 c - a +1 robe (worn)
 d - a +0 cloak (worn)
Scrolls
 j - 6 scrolls of remove curse
 k - a scroll of magic mapping {unknown}
 n - a scroll of fear {unknown}
 o - 2 scrolls of teleportation {unknown}
 q - a scroll of identify {unknown}
 r - a scroll of immolation {unknown}
Potions
 p - a potion of degeneration
 s - a potion of lignification
Comestibles
 g - 2 meat rations


   Skills:
 + Level 2.2 Fighting
 * Level 3.4 Short Blades
 - Level 2.3 Throwing
 + Level 1.5 Dodging
 + Level 7.0 Stealth


You had 3 spell levels left.
You didn't know any spells.

Dungeon Overview and Level Annotations

Branches:
Dungeon (2/15)

Altars:


Innate Abilities, Weirdness & Mutations

You are small and have problems with some larger weapons.
You are carnivorous and can eat meat at any time.


Message History

The scorpion is lightly wounded.
The scorpion stings you.
You are too injured to fight recklessly!
You are too injured to fight recklessly!
You hit the scorpion.
The scorpion is moderately wounded.
The scorpion stings you but does no damage.
You hit the scorpion but do no damage.
The scorpion is moderately wounded.
You closely miss the scorpion.
The scorpion is moderately wounded.
The scorpion stings you!
* * * LOW HITPOINT WARNING * * *
It was a potion of brilliance.
You feel clever all of a sudden. The scorpion misses you.
As you read the scroll labeled JOSIMOLIT FAUTS, it crumbles to dust.
It is a scroll of enchant armour.
Your +0 robe glows green for a moment.
The scorpion stings you.
You die...

###### #.# #.#.#+#.........
.....# #+###.#.......#####.
.....# .#.#..K....# #. .....#
..#.......# #. .....+ ..#.......#
#. .....# #.#.#+#+#.# #. .....#
#.#.#.#.#.### #.
.....#############.#...#.#...###.
.....+..........@s...............
.....######.######.#####.#.#####(
.....# #.# #.# #.#.# ## .....#
#.######.# #.#.# # .....#
#.....##.# #.#.######
.....######.###.##)# #.#.#.....
..............#.##.# #.#.#.####
#.........#.#.#.##.# #.#.#.....
'.........+...#.##.### #.#.#####.


You could see a scorpion.

Vanquished Creatures
  An adder (D:2)
  A gnoll (D:1)
  A dart slug (D:2)
  A giant cockroach (D:1)
  4 goblins (D:1)
  5 hobgoblins (D:1)
  8 jackals (D:2)
  6 bats
  A frilled lizard (D:1)
  7 kobolds
35 creatures vanquished.

Notes
Turn   | Place    | Note
-------+----------+-------------------------------------------
     0 | D:1      | viledemon the Kobold Assassin began the quest for the Orb.
     0 | D:1      | Reached XP level 1. HP: 12/12 MP: 1/1
   125 | D:1      | Reached XP level 2. HP: 17/17 MP: 2/2
   158 | D:1      | Reached skill level 6 in Stealth
   300 | D:1      | Reached XP level 3. HP: 21/21 MP: 3/3
   982 | D:2      | Reached XP level 4. HP: 24/26 MP: 4/4
  1603 | D:2      | Reached skill level 7 in Stealth
  1645 | D:2      | HP: 1/26 [scorpion (8)]
  1647 | D:2      | Slain by a scorpion

Skill      XL: |  1  2  3  4 |
---------------+-------------+-----
Stealth        | 6 7 |  7.0
Short Blades   | 3 |  3.4
Fighting       | |  2.2
Throwing       | |  2.3
Dodging        | |  1.5

Action                   |  1- 3 |  4- 6 || total
-------------------------+-------+-------++-------
Melee: Dagger            |    95 |    63 ||   158
  Use: Potion            |     5 |     1 ||     6
       Scroll            |       |     2 ||     2
 Stab: Sleeping          |     9 |     1 ||    10
  Eat: Chunk             |     6 |       ||     6
Armor: Robe              |    22 |     7 ||    29
Dodge: Dodged            |    66 |    34 ||   100
